 Dungeon Crawl Stone Soup version 0.31-a0-788-ga445dbd2db (webtiles) character file.

Game seed: 15060870305561429222

98068 LMSNoise the Warrior (level 15, -7/157 HPs)
             Began as a Minotaur Gladiator on Aug 4, 2023.
             Was the Champion of Okawaru.
             Mangled by a sun demon (9 damage)
             ... summoned by an orc high priest
             ... on level 2 of the Orcish Mines on Sept 18, 2023.
             The game lasted 02:30:30 (21485 turns).

LMSNoise the Warrior (Minotaur Gladiator)          Turns: 21485, Time: 02:30:30

Health: -7/157     AC: 42    Str: 27    XL:     15   Next: 73%
Magic:  13/14      EV:  8    Int:  7    God:    Okawaru [******]
Gold:   2652       SH:  5    Dex: 11    Spells: 14/14 levels left

rFire   + . .        o - +8 frozen axe "Frostbite" {freeze, freezing cloud, *Noise Fly rC+}
rCold   + + .        (shield currently unavailable)
rNeg    . . .        I - +15 Maxwell's patent armour {-Cast -Tele rElec Will+ rCorr}
rPois   .            c - +2 hat
rElec   +            G - scarf {rC+ rF+}
rCorr   +            H - +2 pair of gloves of Jituplut {+Inv Int+2}
SInv    .            P - +2 pair of boots {Fly}
Will    ++...        d - amulet of reflection Stlth
                     i - +4 ring of protection
HPRegen 0.46/turn    b - +4 ring of slaying
MPRegen 0.14/turn

%: no teleportation, no spellcasting, reflection
@: lethally poisoned (-7 -> -27), flying
A: horns 2, retaliatory headbutt
a: Renounce Religion, Evoke Invisibility, Heroism, Finesse, Duel


You were on level 2 of the Orcish Mines.
You worshipped Okawaru.
Okawaru was exalted by your worship.
You visited 4 branches of the dungeon, and saw 22 of its levels.

You collected 2927 gold pieces.
You spent 275 gold pieces at shops.

Inventory:

Hand Weapons
 o - the +8 frozen axe "Frostbite" (weapon) {freeze, freezing cloud, *Noise Fly rC+}
   (You found it on level 10 of the Dungeon)

   rC+:       It protects you from cold.
   Fly:       It grants you flight.
   *Noise:    It may make a loud noise when swung.
Missiles
 e - 7 javelins (quivered)
 k - 21 poisoned darts
 l - 24 boomerangs
 p - 2 throwing nets
 r - 2 darts of dispersal
 E - 6 atropa-tipped darts
 L - 2 curare-tipped darts
Armour
 c - a +2 hat (worn)
 B - the +5 scale mail of Wariness {rElec rCorr Int-4 Slay+6}
   (You found it on level 5 of the Dungeon)

   Int-4:     It affects your intelligence (-4).
   Slay+6:    It affects your accuracy & damage with ranged weapons and melee
   (+6).
   rElec:     It insulates you from electricity.
   rCorr:     It protects you from acid and corrosion.
 G - a scarf of resistance (worn)
 H - the +2 pair of gloves of Jituplut (worn) {+Inv Int+2}
   (You bought it in a shop on level 8 of the Dungeon)

   Int+2:     It affects your intelligence (+2).
   +Inv:      It lets you turn invisible.
 I - the +15 Maxwell's patent armour (worn) {-Cast -Tele rElec Will+ rCorr}
   (Okawaru gifted it to you on level 12 of the Dungeon)

   rElec:     It insulates you from electricity.
   Will+:     It increases your willpower.
   -Cast:     It prevents spellcasting.
   -Tele:     It prevents most forms of teleportation.
   rCorr:     It protects you from acid and corrosion.
 P - a +2 pair of boots of flying (worn)
Jewellery
 a - a ring of fire
 b - a +4 ring of slaying (right hand)
 d - an amulet of reflection (around neck)
 i - a +4 ring of protection (left hand)
 m - a ring of poison resistance
 w - a +6 ring of strength
 X - the ring of Betz {Fly Str+4}
   (You found it on level 5 of the Lair of Beasts)

   [ring of flight]

   Str+4:     It affects your strength (+4).
   Fly:       It grants you flight.
 Y - a +4 ring of protection
Talismans
 t - a beast talisman
Wands
 A - a wand of flame (72)
 D - a wand of roots (3)
 F - a wand of digging (5)
 M - a wand of mindburst (33)
 O - a wand of paralysis (13)
Scrolls
 j - 3 scrolls of fog
 z - 3 scrolls of revelation
 N - 2 scrolls of poison
 T - 2 scrolls of enchant armour
 U - 2 scrolls of teleportation
 V - 4 scrolls of brand weapon
 Z - a scroll of blinking
Potions
 f - 2 potions of magic
 h - 6 potions of curing
 q - a potion of berserk rage
 s - 4 potions of enlightenment
 v - 4 potions of might
 x - 3 potions of haste
 J - 3 potions of cancellation
 Q - a potion of ambrosia
 R - 4 potions of mutation
 S - 2 potions of brilliance {unknown}
Miscellaneous
 g - a phial of floods


   Skills:
 - Level 20.6 Fighting
 - Level 20.4 Axes
 - Level 15.1 Throwing
 + Level 10.1 Armour
 - Level 3.2 Dodging


You had 14 spell levels left.
You didn't know any spells.
Your spell library contained the following spells:

 Spells                   Type           Power      Damage    Failure   Level
 Apportation              Tloc           0%         N/A       99%         1
 Magic Dart               Conj           0%         1d3       99%         1
 Blink                    Tloc           0%         N/A       99%         2
 Searing Ray              Conj           0%         2d4       99%         2
 Static Discharge         Conj/Air       0%         2-2/arc   99%         2
 Frozen Ramparts          Ice            0%         1d1       100%        3
 Inner Flame              Hex/Fire       0%         N/A       100%        3
 Airstrike                Air            0%         2d(0-16)  100%        4
 Flame Wave               Conj/Fire      0%         2d4       100%        4
 Fulminant Prism          Conj/Hex       0%         3d5       100%        4
 Manifold Assault         Tloc           0%         N/A       100%        4
 Passage of Golubria      Tloc           0%         N/A       100%        4
 Petrify                  Tmut/Erth      0%         N/A       100%        4
 Sticky Flame             Conj/Fire      0%         2d3       100%        4
 Vhi's Electric Charge    Tloc/Air       0%         N/A       100%        4
 Alistair's Intoxication  Tmut/Pois      0%         N/A       100%        5
 Arcjolt                  Conj/Air       0%         1d10      100%        5
 Borgnjor's Vile Clutch   Necr/Erth      0%         N/A       100%        5
 Metabolic Englaciation   Hex/Ice        0%         N/A       100%        5
 Yara's Violent Unravell  Hex/Tmut       0%         3d3       100%        5
 Eringya's Noxious Bog    Tmut/Pois      0%         4d6       100%        6
 Plasma Beam              Fire/Air       0%         2x1d10    100%        6
 Tukima's Dance           Hex            Unusable   N/A       N/A         3
 Animate Dead             Necr           Unusable   N/A       N/A         4
 Summon Lightning Spire   Summ/Air       Unusable   N/A       N/A         4
 Summon Forest            Summ/Tloc      Unusable   N/A       N/A         5
 Summon Mana Viper        Hex/Summ       Unusable   N/A       N/A         5
 Death Channel            Necr           Unusable   N/A       N/A         6
 Summon Cactus Giant      Summ           Unusable   N/A       N/A         6

Dungeon Overview and Level Annotations

Branches:
Dungeon (14/15)            Temple (1/1) D:7            Lair (5/5) D:11
  Swamp (0/4) Lair:2        Snake (0/4) Lair:3        Slime (0/5) Lair:4
    Orc (2/2) D:10            Elf (0/3) Orc:2        Vaults (0/5) D:14

Altars:
Ashenzari
Cheibriados
Dithmenos
Elyvilon
Fedhas
Gozag
Hepliaklqana
Kikubaaqudgha
Makhleb
Nemelex Xobeh
Okawaru
Qazlal
Ru
Sif Muna
Trog
Uskayaw
Vehumet
Wu Jian
Xom
Yredelemnul
Zin
The Shining One

Shops:
D:8 [   Orc:1 =

Portals:
Hell: Lair:5

Annotations:
D:8 3 runed translucent doors, Ethylacetat's ghost, novice VSMo


Innate Abilities, Weirdness & Mutations

You have a pair of horns on your head.
You reflexively headbutt those who attack you in melee.


Message History

You block the orc warrior's attack. The orc warrior misses you.
The sun demon hits you but does no damage.
Things that are here:
a +3 vampiric glaive; a +0 plate armour You feel like a meek peon again.
The orc warrior closely misses you.
The orange demon attacks as it pursues you!
The orange demon stings you but does no damage.
Items here: )) [[ †.
You slice the sun demon!! You freeze the sun demon.
The sun demon is heavily wounded.
The orc warrior no longer looks unusually strong.
The sun demon hits you but does no damage.
You block the orc warrior's attack. The orc high priest closely misses you.
The orange demon stings you from afar!
* * * LOW HITPOINT WARNING * * *
You are poisoned.
The orange demon poisons you!
You hit the sun demon but do no damage.
The sun demon is moderately wounded.
You feel very sick. You block the sun demon's attack.
The orc warrior barely misses you.
The orc high priest invokes the aid of Beogh against you.
Beogh smites you!
* * * LOW HITPOINT WARNING * * *
The orange demon stings you from afar.
* * * LOW HITPOINT WARNING * * *
You are lethally poisoned!
The orange demon poisons you!
You slice the sun demon!! You freeze the sun demon.
Your headbutt misses the sun demon.
The sun demon is severely wounded.
You slash the rust devil!
* * * LOW HITPOINT WARNING * * *
You feel very sick. The sun demon hits you!
* * * LOW HITPOINT WARNING * * *
You are engulfed in flames!
You resist.
You die...

##............8
##..........^.##
#..............#
##....#........#
###...#.)..o.#
##....))....#
#....#)4o...#
##.##.43o...###
###..@)).......
#$....).......#
#...............
##........#....#
#....>...#...##
##........#.##
###......###
##....##


You could see an orc high priest (strong), a sun demon (summoned), an orange
demon (summoned), a rust devil (summoned) and 2 orc warriors.

Vanquished Creatures
  Saint Roka (Orc:2)
  An orc warlord (Orc:2)
  2 dire elephants
  A great orb of eyes (D:12)
  Josephine (D:11)
  A hell beast (Lair:5)
  Erolcha (D:12)
  Fannar (Lair:1)
  5 hydras
  A ghost crab (Lair:2)
  5 centaur warriors
  A death knight (D:12)
  3 two-headed ogres
  Erica (D:10)
  A tengu warrior (D:13)
  8 death yaks
  Urug (D:11)
  A shock serpent (shapeshifter) (D:14)
  4 skeletal warriors (D:12)
  3 skysharks
  A wizard (Lair:5)
  2 deep elf pyromancers
  4 orc knights
  4 orc sorcerers
  A salamander (Lair:3)
  5 ugly things
  4 manticores
  32 elephants
  2 cyclopes (D:12)
  Maurice (D:12)
  5 black mambas
  Joseph (D:7)
  A torpor snail (Lair:5)
  2 unseen horrors (D:12)
  2 orange demons (Lair:5)
  2 kobold demonologists
  2 rime drakes
  11 cane toads
  An efreet (D:14)
  15 komodo dragons
  A red devil (Lair:5)
  A tengu conjurer (D:13)
  2 ice devils (Lair:5)
  12 trolls
  A hellwing (Lair:5)
  6 polar bears
  A hornet (D:12)
  A spectral elephant (Lair:2)
  12 dream sheep
  22 blink frogs
  4 slime creatures (D:13)
  A dream sheep (shapeshifter) (D:12)
  A jumping spider (shapeshifter) (D:14)
  2 spriggans
  2 vampires
  A centaur simulacrum (D:12)
  5 wraiths
  Eustachio (D:5)
  6 wyverns
  53 yaks
  A yak (shapeshifter) (D:13)
  A human (shapeshifter) (D:12)
  2 steam dragons
  3 basilisks
  3 fire bats (Lair:3)
  5 vampire mosquitoes
  Grum (D:11)
  A redback (shapeshifter) (D:12)
  8 wargs
  2 acid dragons
  16 water moccasins
  5 hell hounds (Lair:5)
  A spectral yak (Lair:2)
  2 sky beasts (D:7)
  2 black bears
  24 orc warriors
  14 centaurs
  5 ogres
  27 wolves
  4 phantoms
  A spectral water moccasin (Lair:2)
  2 kobold brigands
  10 bullfrogs
  2 gnoll sergeants
  2 scorpions (D:6)
  9 wights
  12 killer bees
  3 vampire bats (D:3)
  An electric eel (Lair:4)
  2 lava snakes (Lair:3)
  4 hounds
  22 orc priests
  An iguana (D:5)
  8 jellies
  27 orc wizards
  6 hell rats (Lair:5)
  19 gnolls
  8 adders
  A shadow imp (D:8)
  4 white imps
  3 worms
  2 dart slugs (D:1)
  82 orcs
  9 bats
  7 endoplasms
  5 giant cockroaches
  10 goblins
  7 hobgoblins
  7 jackals
  10 kobolds
  2 quokkas
  14 ball pythons
  2 frilled lizards (D:1)
  5 rats
712 creatures vanquished.

Notes
Turn   | Place    | Note
-------+----------+-------------------------------------------
     0 | D:1      | LMSNoise the Minotaur Gladiator began the quest for the
                  | Orb.
     0 | D:1      | Reached XP level 1. HP: 18/18 MP: 0/0
   127 | D:1      | Reached XP level 2. HP: 24/25 MP: 1/1
   243 | D:1      | Upgraded the game from 0.31-a0-459-gc8a9bf3d51 to
                  | 0.31-a0-466-g98c9adc2b6
   392 | D:1      | Reached skill level 5 in Axes
   617 | D:1      | Reached XP level 3. HP: 30/30 MP: 2/2
  1676 | D:3      | Noticed a phantom
  1867 | D:3      | Found a faded altar of an unknown god.
  2118 | D:3      | Reached XP level 4. HP: 12/37 MP: 3/3
  2344 | D:3      | Killed a phantom
  2345 | D:3      | Reached XP level 5. HP: 39/42 MP: 4/4
  2434 | D:3      | Reached XP level 6. HP: 49/50 MP: 5/5
  3028 | D:4      | Reached skill level 5 in Fighting
  3159 | D:4      | Reached XP level 7. HP: 53/61 MP: 6/6
  3858 | D:5      | Entered Level 5 of the Dungeon
  4138 | D:5      | Found a sacrificial altar of Ru.
  4138 | D:5      | Identified the +5 scale mail of Wariness {rElec rCorr Int-4
                  | Slay+6}
  4221 | D:5      | Found an opulent altar of Gozag.
  4309 | D:5      | Reached skill level 5 in Throwing
  4376 | D:5      | Noticed a steam dragon
  4422 | D:5      | Killed a steam dragon
  4423 | D:5      | Reached XP level 8. HP: 34/68 MP: 7/7
  4862 | D:5      | Found an ornate altar of the Wu Jian Council.
  4971 | D:5      | Noticed Eustachio
  4984 | D:5      | Killed Eustachio
  5546 | D:6      | Reached skill level 10 in Axes
  5618 | D:6      | Reached XP level 9. HP: 62/81 MP: 5/8
  6408 | D:7      | Found a shimmering altar of Xom.
  6439 | D:7      | Found a shadowy altar of Dithmenos.
  6818 | D:7      | Found a staircase to the Ecumenical Temple.
  6826 | D:7      | Found an ancient bone altar of Kikubaaqudgha.
  6878 | D:7      | Found a radiant altar of Vehumet.
  6920 | D:7      | Noticed Joseph
  6927 | D:7      | Killed Joseph
  6978 | Temple   | Entered the Ecumenical Temple
  6992 | Temple   | Became a worshipper of Warmaster Okawaru
  7203 | D:8      | Found Quysibopack's Antique Armour Shop.
  7301 | D:8      | Reached XP level 10. HP: 88/88 MP: 9/9
  7308 | D:8      | Bought a pair of steaming gloves for 275 gold pieces
  7308 | D:8      | Identified the +2 pair of gloves of Jituplut {+Inv Int+2}
                  | (You bought it in a shop on level 8 of the Dungeon)
  7337 | D:8      | Found a runed translucent gate.
  7337 | D:8      | Found a runed translucent gate.
  7337 | D:8      | Found a runed translucent gate.
  7344 | D:8      | Noticed Ethylacetat's ghost (novice VSMo)
  7401 | D:8      | Found a glowing golden altar of the Shining One.
  7574 | D:8      | Reached * piety under Okawaru
  8576 | D:10     | Entered Level 10 of the Dungeon
  8624 | D:10     | Reached ** piety under Okawaru
  8692 | D:10     | Found a shimmering blue altar of Sif Muna.
  8713 | D:10     | Found a staircase to the Orcish Mines.
  8734 | D:10     | Noticed Erica
  8741 | D:10     | Killed Erica
  9398 | D:10     | Found the +8 frozen axe "Frostbite" {freeze, freezing
                  | cloud, *Noise Fly rC+}
  9428 | D:11     | Noticed Josephine
  9438 | D:10     | Reached skill level 10 in Throwing
  9504 | D:10     | Reached skill level 15 in Axes
  9504 | D:10     | Reached XP level 11. HP: 94/94 MP: 10/10
  9513 | D:10     | Reached *** piety under Okawaru
  9544 | D:11     | Noticed a two-headed ogre
  9560 | D:11     | Killed a two-headed ogre
  9564 | D:11     | Noticed a two-headed ogre
  9574 | D:11     | Killed a two-headed ogre
  9630 | D:11     | Found a staircase to the Lair.
  9639 | D:11     | Reached **** piety under Okawaru
  9678 | D:11     | Noticed Urug
  9686 | D:11     | Killed Urug
  9689 | D:11     | Noticed Grum
  9699 | D:11     | Killed Grum
  9895 | D:11     | Killed Josephine
  9955 | D:11     | Reached ***** piety under Okawaru
  9959 | D:11     | Found a frozen archway.
 10403 | Lair:1   | Entered Level 1 of the Lair of Beasts
 10413 | Lair:1   | Received a gift from Okawaru
 10491 | Lair:1   | Received a gift from Okawaru
 10740 | Lair:1   | Reached XP level 12. HP: 88/101 MP: 11/11
 10807 | Lair:1   | Received a gift from Okawaru
 10890 | Lair:1   | Noticed Fannar
 10895 | Lair:1   | Killed Fannar
 11259 | Lair:1   | Received a gift from Okawaru
 11510 | Lair:2   | Received a gift from Okawaru
 11519 | Lair:2   | Reached skill level 10 in Fighting
 11542 | Lair:2   | Reached ****** piety under Okawaru
 11795 | Lair:2   | Received a gift from Okawaru
 11947 | Lair:2   | Identified 2 scrolls of acquirement
 11955 | Lair:2   | Acquired 381 gold pieces
 11957 | Lair:2   | Acquired a manual of Fighting
 12258 | Lair:2   | Noticed a ghost crab
 12514 | Lair:2   | Found a staircase to the Swamp.
 12523 | Lair:2   | Killed a ghost crab
 12613 | Lair:2   | Received a gift from Okawaru
 12720 | Lair:3   | Identified the +1 pair of boots of Infinity {rF+} (Okawaru
                  | gifted it to you on level 3 of the Lair of Beasts)
 12720 | Lair:3   | Received a gift from Okawaru
 12721 | Lair:3   | Reached XP level 13. HP: 113/125 MP: 12/12
 12771 | Lair:3   | Found a staircase to the Snake Pit.
 12942 | Lair:3   | Reached skill level 15 in Fighting
 13114 | Lair:3   | Identified the +2 robe of a Labyrinth {Str+4 Stlth+}
 13166 | Lair:3   | Found a dark tunnel.
 13389 | Lair:3   | Noticed a dire elephant
 13400 | Lair:3   | Killed a dire elephant
 13766 | Lair:4   | Upgraded the game from 0.31-a0-466-g98c9adc2b6 to
                  | 0.31-a0-716-gc7603755dd
 13782 | Lair:4   | Received a gift from Okawaru
 13789 | Lair:4   | Reached skill level 1 in Armour
 13957 | Lair:4   | Reached skill level 5 in Armour
 14064 | Lair:4   | Found a staircase to the Slime Pits.
 14118 | Lair:4   | Received a gift from Okawaru
 14140 | Lair:4   | Received a gift from Okawaru
 14141 | Lair:4   | Reached XP level 14. HP: 125/146 MP: 13/13
 14434 | Lair:4   | You are sucked into a shaft and drop 1 floor!
 14434 | Lair:5   | Entered Level 5 of the Lair of Beasts
 14447 | Lair:5   | Received a gift from Okawaru
 15551 | D:11     | what
 15551 | D:11     | When you get back to this, go to dungeon:15 first
 15551 | D:11     | You haven't finished Lair:5 yet, but believe me, at this
                  | point it's better to procrastinate that, considering the
                  | danger you got into
 15551 | D:11     | Upgraded the game from 0.31-a0-716-gc7603755dd to
                  | 0.31-a0-726-g3c93526463
 15564 | D:12     | Noticed Erolcha
 15567 | D:12     | Killed Erolcha
 15588 | D:12     | Noticed Maurice
 15592 | D:12     | Killed Maurice
 15694 | D:12     | Identified the ring of Tulips {Ice rN+ Will- rCorr Str+4}
 15707 | D:12     | Received a gift from Okawaru
 15758 | D:12     | Received a gift from Okawaru
 15758 | D:12     | Found the +15 Maxwell's patent armour {-Cast -Tele rElec
                  | Will+ rCorr}
 15785 | D:12     | Upgraded the game from 0.31-a0-726-g3c93526463 to
                  | 0.31-a0-788-ga445dbd2db
 15861 | D:12     | Identified the staff "Moneack" {rElec Str+4 Air}
 16694 | D:12     | Identified the ring of Godoth {rF++ rCorr Dex+4 Slay-5}
 16786 | D:12     | Identified the staff "Weroec" {rElec Int+3 Air}
 17634 | D:13     | Found an opulent altar of Gozag.
 18328 | D:14     | Found a sparkling altar of Nemelex Xobeh.
 18436 | D:14     | Found a gate to the Vaults.
 18441 | D:14     | Received a gift from Okawaru
 18442 | D:14     | Reached XP level 15. HP: 157/157 MP: 14/14
 19439 | Lair:5   | Identified the ring of Betz {Fly Str+4}
 19707 | Lair:5   | Identified the +8 arbalest of the Jester {drain, Contam
                  | Str+7} (Okawaru gifted it to you on level 5 of the Lair of
                  | Beasts)
 19707 | Lair:5   | Received a gift from Okawaru
 19787 | Lair:5   | Found a burning altar of Makhleb.
 19852 | Lair:5   | Reached skill level 15 in Throwing
 19971 | Lair:5   | Found a gateway to Hell.
 20208 | Orc:1    | Entered Level 1 of the Orcish Mines
 20355 | Orc:1    | Found Uxzedd's Jewellery Emporium.
 20655 | Orc:1    | Found a bloodstained altar of Trog.
 20824 | Orc:2    | Entered Level 2 of the Orcish Mines
 21040 | Orc:2    | Received a gift from Okawaru
 21441 | Orc:2    | Found a staircase to the Elven Halls.
 21441 | Orc:2    | Noticed Saint Roka
 21479 | Orc:2    | Killed Saint Roka
 21480 | Orc:2    | Reached skill level 10 in Armour
 21485 | Orc:2    | HP: 2/157 [sun demon[an orc high priest] (13)]
 21485 | Orc:2    | Mangled by a sun demon

Illustrated notes

...................#.............
......[.#.###.#....#....#.###.#..
......[............#.............
.....).##.....##.......##....)##.
.................#.#.#...........
##>###.#.#...#.#.#...#.#.#...#.#.
##.# #...#.#.#...........#.#.#...
...# ###.......##.....##.......##
.### #.....#....@..........#.....
.# ##....#....#.###.#....#....#
.# #.....#...............#.....
.# ###.......##.....##.......##
.### #..#.#.#...........#.#.#...
...#####.#...#.#.#...#.#.#...#.#.
.#...............#.#.#...........
.########..)).##.......##.....##.
.# #....))..)..#.............


Turn 15551 on D:11: what

Levels and vault maps discovered:
D:1:      sevenhm_arrival_forest_fort_large_4, layout_loops_ring
D:2:      layout_basic, minmay_misc_feat_chi
D:3:      layout_basic, ebering_ecumenical_altar_rust, roderic_batcave
D:4:      cheibrodos_pilgrimage, layout_cave_pools
D:5:      layout_loops_cross, lemuel_doored_altar, nzn_wu_jian_contemplation,
          amcnicky_altar_gilded, kennysheep_donut, uniq_eustachio
D:6:      layout_rooms, roderic_lattice_a, minmay_misc_feat_plants,
          serial_park_tiny_pond
D:7:      layout_rooms, jmf_multi_god_temple, mainiacjoe_overflow_two_lobes,
          minmay_temple_entry_glass, uniq_joseph
D:8:      layout_rooms, tso_oasis_becter, serial_shops, shop,
          gammafunk_ghost_necromancy
D:9:      layout_roguey, minmay_door_square
D:10:     layout_loops_ring, mainiacjoe_overflow_concentric_impassable,
          orc_0_dummy, uniq_erica
D:11:     nicolae_cairo_tiling_large_dashed, layout_rooms,
          erik_lair_orcish_takeover, portal_ice_cave_entry_pillars_2, uniq_grum,
          uniq_josephine, uniq_urug
D:12:     minmay_tri_box, layout_basic, ebering_dispersal_statue_hall,
          chequers_serial_rivers_small_3, minmay_the_grid_square_5x5_3x3_mashed
          [minmay_the_grid_square_5x5_three_small,
          minmay_the_grid_square_5x5_bridge,
          minmay_the_grid_square_5x5_checkered_sparse,
          minmay_the_grid_square_5x5_almost_minimal,
          minmay_the_grid_square_5x5_megaprize_crossed,
          minmay_the_grid_square_5x5_spiral,
          minmay_the_grid_square_5x5_eight_small, minmay_the_grid_square_5x5_z,
          minmay_the_grid_square_5x5_six], uniq_erolcha, uniq_maurice
D:13:     layout_cave_pods, nicolae_gozag_seed_capital
D:14:     layout_cave_pools, hellmonk_vaults_attempted_burglary,
          nemelex_diamond_rough_becter, grunt_ministairs_2
Temple:   cyrus_circular_temple
Lair:1:   layout_misc_corridors, beast_lair_carwin_7, lemuel_fruit_tree,
          serial_bayou_shore_b, serial_bayou_shore_b, lemuel_fruit_fields,
          serial_bayou_shore_a, uniq_fannar
Lair:2:   layout_long_grid, nicolae_swamp_entry_spooky,
          grunt_forest_stairs_clearing
Lair:3:   mu_elephants_graveyard, layout_regular_city,
          nicolae_snake_entry_warm_welcome, nicolae_volcano_entry_batcave
Lair:4:   layout_loops_ring, nicolae_slime_entry_slimehenge,
          serial_bayou_pond_b, minivault_24, patterned_corridor
Lair:5:   evil_forest, layout_loops_ring, chequers_serial_rivers_micro_d
Orc:1:    layout_diamond_mine, serial_shops, shop, basic_altar
Orc:2:    grunt_orc_cross, layout_diamond_mine, uniq_saint_roka

Skill      XL: |  1  2  3  4  5  6  7  8  9 10 11 12 13 14 15 |
---------------+----------------------------------------------+-----
Axes           | 4 5 6 8 10 11 15 18 19 20 | 20.4
Fighting       | 5 8 14 19 20 | 20.6
Throwing       | 6 9 10 11 13 15 | 15.1
Armour         | 6 10 | 10.1
Dodging        | |  3.2

Action                     |  1- 3 |  4- 6 |  7- 9 | 10-12 | 13-15 || total
---------------------------+-------+-------+-------+-------+-------++-------
  Melee: War axe           |    71 |    77 |   200 |    95 |       ||   443
         Headbutt          |    16 |    11 |    33 |    47 |   104 ||   211
         Punch             |       |       |     2 |     1 |       ||     3
         Executioner's axe |       |       |       |   172 |   499 ||   671
  Throw: Throwing net      |     2 |     1 |     9 |     1 |       ||    13
         Dart              |       |       |    27 |    32 |    41 ||   100
         Boomerang         |       |       |       |    21 |       ||    21
         Javelin           |       |       |       |    26 |    96 ||   122
 Invoke: Heroism           |       |       |       |       |     1 ||     1
  Evoke: Wand              |       |       |     3 |     4 |     1 ||     8
         Phial of floods   |       |       |       |       |     1 ||     1
    Use: Scroll            |     5 |     3 |     8 |    11 |    11 ||    38
         Potion            |       |       |     4 |     2 |     4 ||    10
   Stab: Held in net/web   |       |       |     1 |       |       ||     1
         Invisible         |       |       |       |     3 |       ||     3
 Armour: Leather armour    |    17 |    25 |    21 |       |       ||    63
         Scale mail        |       |       |    53 |   136 |   152 ||   341
         Plate armour      |       |       |       |       |   327 ||   327
  Dodge: Dodged            |    59 |    62 |   108 |   123 |   178 ||   530
  Block: Other             |       |       |       |    30 |   101 ||   131
         Reflection        |       |       |       |     1 |     7 ||     8
   Form: Beast             |       |     2 |     1 |       |       ||     3
                           |       |     1 |     1 |     1 |       ||     3

Table legend: (Time is in decaauts)
 A = Elapsed time spent in this place.
 B = Non-inter-level travel time spent in this place.
 C = Inter-level travel time spent in this place.
 D = Time resting spent in this place.
 E = Time spent auto-exploring this place.
 F = Levels seen in this place.
 G = Mean time per level.
                   A        B        C        D        E       F      G
               +--------+--------+--------+--------+--------+-----+--------+
         Total |  21418 |  20114 |   1304 |   1869 |  13161 |  22 |  973.5 |
       Dungeon |  13519 |  12649 |    870 |   1179 |   8382 |  14 |  965.6 |
        Temple |     27 |     24 |      3 |      0 |      0 |   1 |   27.0 |
          Lair |   6625 |   6213 |    412 |    606 |   3921 |   5 | 1325.0 |
  Orcish Mines |   1245 |   1228 |     17 |     84 |    858 |   2 |  622.5 |
               +--------+--------+--------+--------+--------+-----+--------+

Top non-repeatable levels by time:
  Lair:5: 1705 daAuts
    D:12: 1539 daAuts
     D:5: 1467 daAuts
  Lair:4: 1401 daAuts
     D:3: 1347 daAuts
  Lair:2: 1225 daAuts
  Lair:3: 1206 daAuts
  Lair:1: 1086 daAuts
     D:7: 1030 daAuts
     D:2: 1023 daAuts
    D:10: 965 daAuts
    D:11: 961 daAuts
    D:13: 940 daAuts
     D:6: 884 daAuts
     D:1: 829 daAuts
